 Dungeon Crawl Stone Soup version 0.20.1-1-g8b1a95d (webtiles) character file.

836 Folque the Magician (level 7, -16/46 HPs)
             Began as an Octopode Wizard on Nov 5, 2017.
             Demolished by a two-headed ogre
             ... wielding a +0 dire flail
              (21 damage)
             ... on level 8 of the Dungeon.
             The game lasted 00:31:02 (5779 turns).

Folque the Magician (Octopode Wizard)               Turns: 5779, Time: 00:31:04

Health: -16/46     AC:  2    Str:  6    XL:     7   Next: 99%
Magic:  1/23       EV: 14    Int: 22    God:
Gold:   356        SH:  0    Dex: 11    Spells: 8/16 levels left

rFire    . . .     SeeInvis .   i - +1 falchion
rCold    . . .     Gourm    .   (no shield)
rNeg     . . .     Faith    .   a - +1 hat
rPois    .         Spirit   .   (no amulet)
rElec    .         Reflect  .   q - ring of magical power
rCorr    .         Harm     .   D - ring of flight
MR       .....                  C - +1 ring of evasion
Stlth    +++.......             (no ring)
Regen    0.2/turn               (no ring)
MPRegen  0.2/turn               (no ring)
                                (no ring)
                                (no ring)

@: no status effects
A: almost no armour, stealthy swim, amphibious, 8 rings, constrict 8, camouflage
1, gelatinous body 1
a: Evoke Flight


You were on level 8 of the Dungeon.
You were very hungry.

You visited 1 branch of the dungeon, and saw 7 of its levels.
You also visited: Ossuary.

You collected 356 gold pieces.

Inventory:

Hand Weapons
 e - a +0 club
 i - a +1 falchion (weapon)
 o - a +0 short sword
 v - a +0 spear
Armour
 a - a +1 hat (worn)
Jewellery
 q - a ring of magical power (left tentacle)
 C - a +1 ring of evasion (on tentacle)
 D - a ring of flight (right tentacle)
Wands
 E - a wand of lightning (14/15)
Scrolls
 l - a scroll of magic mapping
 n - a scroll of identify
 p - 4 scrolls of teleportation
 s - 6 scrolls of recharging
 u - 4 scrolls of remove curse
Potions
 d - 6 potions of haste
 f - 3 potions of curing {unknown}
 h - a potion of berserk rage {unknown}
 j - 2 potions of might {unknown}
 k - a potion of magic {unknown}
 r - a potion of invisibility {unknown}
 w - a potion of lignification {unknown}
 A - 2 potions of heal wounds {unknown}
 B - a potion of cancellation {unknown}
 F - a potion of brilliance
Books
 b - a book of Minor Magic

   Spells                             Type                      Level
   a - Magic Dart                     Conjuration                  1
   b - Blink                          Translocation                2
   c - Call Imp                       Summoning                    2
   d - Slow                           Hexes                        2
   e - Conjure Flame                  Conjuration/Fire             3
   f - Mephitic Cloud                 Conjuration/Poison/Air       3
Comestibles
 c - 7 bread rations
 g - 6 fruits
 t - a meat ration
 z - a royal jelly


   Skills:
 - Level 3.4 Fighting
 - Level 2.0 Dodging
 - Level 2.6 Stealth
 + Level 5.2 Spellcasting
 * Level 4.5 Conjurations
 + Level 2.6 Summonings
 - Level 1.0 Translocations
 - Level 1.4 Air Magic
 - Level 3.0 Poison Magic


You had 8 spell levels left.
You knew the following spells:

 Your Spells              Type           Power        Failure   Level  Hunger
a - Magic Dart            Conj           ####         1%          1    None
b - Call Imp              Summ           ###.....     4%          2    None
c - Blink                 Tloc           N/A          10%         2    None
d - Mephitic Cloud        Conj/Pois/Air  ###.....     9%          3    ##.....


Dungeon Overview and Level Annotations

Branches:
Dungeon (6/15)             Temple (0/1) D:5            Lair (0/6) D:8

Altars:
Dithmenos


Innate Abilities, Weirdness & Mutations

You cannot wear most types of armour.
You are very stealthy in the water. (Stealth+)
You are amphibious.
You can wear up to eight rings at the same time.
You can use your tentacles to constrict eight enemies at once.
Your skin changes colour to match your surroundings (Stealth+).
Your rubbery body absorbs attacks. (AC +1, EV +1)


Message History

You squeeze the bullfrog zombie.
The bullfrog zombie is moderately damaged.
The shadow imp hits you. The crimson imp hits you.
You hit the shadow imp. Your grab misses the shadow imp.
You squeeze the shadow imp, but do no damage.
The shadow imp is severely wounded.
You constrict the bullfrog zombie. The bullfrog zombie hits you.
The shadow imp hits you.
* * * LOW HITPOINT WARNING * * *
The bullfrog zombie hits you.
* * * LOW HITPOINT WARNING * * *
Your crimson imp blinks!
Your magical contamination has completely faded away.
As you read the scroll labeled LUEKHL MOSOUVUORPH, it crumbles to dust.
Wisps of shadow whirl around you...
It was a scroll of summoning.
You constrict the bullfrog zombie. The bullfrog zombie hits you.
* * * LOW HITPOINT WARNING * * *
The shadow imp closely misses you.
The two-headed ogre hits you with a dire flail!!
You die...

# . #. ########
#.##......#######
#.#..a...#..[...
#n.5...........
#.#@Z5ยง....##...
#.##.OF/5.#.# ...
#......#... ...
#......# ##. #.#
######## # #.


You could see a two-headed ogre, a crimson imp, a shadow imp, a bullfrog zombie,
a friendly necrophage, a friendly bullfrog, a friendly worker ant and a friendly
crimson imp.

Vanquished Creatures
  The ghost of Tenz the Sneak, an amateur SpSk of Dithmenos (D:3)
  An ogre (D:5)
  An elf zombie (Ossuary)
  A centaur zombie (Ossuary)
  An orc priest (D:4)
  A hound (D:5)
  2 orc wizards
  A worker ant (D:8)
  A big kobold zombie (Ossuary)
  A hound zombie (Ossuary)
  2 hound skeletons
  2 mummies (Ossuary)
  4 adders
  A shadow imp (D:4)
  An ooze (D:3)
  5 adder zombies (Ossuary)
  A worm (D:4)
  6 dart slugs
  7 leopard geckos
  8 orcs
  5 giant cockroaches
  9 goblins
  4 hobgoblins
  4 jackals (D:3)
  7 kobolds
  2 quokkas
  2 ball pythons
  11 bats
  8 frilled lizards
  A gnoll zombie (Ossuary)
  2 goblin zombies (Ossuary)
  2 hobgoblin zombies (Ossuary)
  5 jackal zombies (Ossuary)
  2 kobold zombies (Ossuary)
  A leopard gecko skeleton (D:4)
  7 rats
  3 rat zombies (Ossuary)
123 creatures vanquished.

Vanquished Creatures (collateral kills)
  An ogre (D:5)
  A crimson imp (D:5)
  A bullfrog skeleton (D:4)
  An orc wizard (D:5)
  A human zombie (Ossuary)
  A worker ant (D:4)
  A big kobold zombie (Ossuary)
  A hound zombie (Ossuary)
  A mummy (Ossuary)
  A howler monkey zombie (D:5)
  4 adders
  An adder skeleton (D:4)
  4 worms
  2 giant cockroaches
  3 gnoll zombies (Ossuary)
  A quokka (D:4)
  3 quokka zombies (Ossuary)
  A rat zombie (Ossuary)
29 creatures vanquished.

Vanquished Creatures (others)
  3 plants (D:8)
3 creatures vanquished.

Grand Total: 155 creatures vanquished

Notes
Turn   | Place    | Note
-------+----------+-------------------------------------------
     0 | D:1      | Folque the Octopode Wizard began the quest for the Orb.
     0 | D:1      | Reached XP level 1. HP: 11/11 MP: 4/4
   111 | D:1      | Reached skill level 1 in Fighting
   160 | D:1      | Reached XP level 2. HP: 15/18 MP: 1/6
   675 | D:1      | Reached XP level 3. HP: 24/24 MP: 7/7
  1000 | D:1      | Learned a level 2 spell: Call Imp
  1003 | D:1      | Learned a level 2 spell: Blink
  1360 | D:2      | Reached XP level 4. HP: 23/31 MP: 9/9
  2355 | D:3      | Learned a level 3 spell: Mephitic Cloud
  2404 | D:3      | Noticed Tenz's ghost (amateur SpSk)
  2428 | D:3      | Killed Tenz's ghost
  2428 | D:3      | Reached skill level 4 in Spellcasting
  2428 | D:3      | Reached skill level 1 in Air Magic
  2428 | D:3      | Reached XP level 5. HP: 25/36 MP: 11/11
  2886 | D:4      | Reached skill level 1 in Poison Magic
  3009 | D:4      | Reached XP level 6. HP: 12/42 MP: 12/12
  3666 | D:4      | Found a shadowy altar of Dithmenos.
  4048 | D:5      | Entered Level 5 of the Dungeon
  4140 | D:5      | Found a sand-covered staircase.
  4144 | Ossuary  | Entered an ossuary
  4309 | Ossuary  | Reached XP level 7. HP: 22/46 MP: 14/14
  5187 | D:5      | Found a staircase to the Ecumenical Temple.
  5217 | D:5      | Reached skill level 5 in Spellcasting
  5487 | D:5      | You fall through a shaft for 3 floors!
  5487 | D:8      | Found a staircase to the Lair.
  5487 | D:8      | Noticed a warg
  5489 | D:8      | Noticed a warg
  5494 | D:8      | Noticed a two-headed ogre
  5779 | D:8      | Demolished by a two-headed ogre

Skill      XL: |  1  2  3  4  5  6  7 |
---------------+----------------------+-----
Fighting       | 1 2 3 |  3.4
Spellcasting   | 4 5 |  5.2
Air Magic      | 1 |  1.4
Poison Magic   | 1 3 |  3.0
Conjurations   | 2 4 |  4.5
Summonings     | 2 |  2.6
Dodging        | |  2.0
Stealth        | |  2.6
Translocations | |  1.0

Action                   |  1- 3 |  4- 6 |  7- 9 || total
-------------------------+-------+-------+-------++-------
Melee: Club              |    29 |       |       ||    29
       Constrict         |    20 |    56 |    26 ||   102
       Unarmed           |     2 |       |       ||     2
       Tentacles         |     9 |    34 |    13 ||    56
       Short sword       |    19 |       |       ||    19
       Falchion          |    23 |   168 |    73 ||   264
       Spear             |       |    21 |    24 ||    45
Throw: Throwing net      |       |       |     1 ||     1
 Cast: Magic Dart        |    17 |     3 |    11 ||    31
       Call Imp          |       |    24 |    24 ||    48
       Mephitic Cloud    |       |     5 |    15 ||    20
       Blink             |       |     1 |     6 ||     7
  Use: Scroll            |     3 |     8 |     5 ||    16
       Potion            |       |     2 |       ||     2
 Stab: Sleeping          |     6 |    14 |     2 ||    22
       Confused          |       |     2 |     2 ||     4
       Distracted        |       |     2 |       ||     2
  Eat: Chunk             |     1 |    10 |       ||    11
       Meat ration       |       |       |     1 ||     1
Armor: Skin              |     5 |    13 |     6 ||    24
Dodge: Dodged            |    52 |   109 |    46 ||   207
       Rpst.: Falchion   |     6 |    37 |    16 ||    59
